 Dungeon Crawl Stone Soup version 0.28-a0-1629-gf728b707aa (webtiles) character file.

Game seed: 12328723033233467869

1870 enile the Fighter (level 8, -9/78 HPs)
             Began as a Minotaur Fighter on Jan 24, 2022.
             Was a Follower of Okawaru.
             Mangled by a boulder beetle (21 damage)
             ... on level 6 of the Dungeon.
             The game lasted 00:09:01 (7812 turns).

enile the Fighter (Minotaur Fighter)                Turns: 7812, Time: 00:09:02

Health: -9/78      AC:  9    Str: 20 (23) XL:     8   Next: 90%
Magic:  9/10       EV: 11    Int:  2 (5)  God:    Okawaru [*.....]
Gold:   291        SH:  6    Dex:  9 (10) Spells: 7/7 levels left

rFire   + . .      SeeInvis .   a - +0 war axe
rCold   + . .      Faith    .   c - +0 buckler
rNeg    . . .      Spirit   .   b - +0 scale mail
rPois   .          Reflect  .   (helmet restricted)
rElec   .          Harm     .   j - scarf {rC+ rF+}
rCorr   .          Rampage  .   (no gloves)
Will    .....                   (no boots)
Stlth   +.........              (no amulet)
HPRegen 0.23/turn               (no ring)
MPRegen 0.12/turn               (no ring)

@: about to teleport, heroic
A: horns 2, retaliatory headbutt
a: Renounce Religion, Heroism


You were on level 6 of the Dungeon.
You worshipped Okawaru.
Okawaru was aware of your devotion.
You visited 2 branches of the dungeon, and saw 7 of its levels.

You collected 323 gold pieces.
You donated 32 gold pieces to Zin.

Inventory:

Hand Weapons
 a - a +0 war axe (weapon)
Missiles
 u - 11 poisoned darts (quivered)
 v - 4 boomerangs
Armour
 b - a +0 scale mail (worn)
 c - a +0 buckler (worn)
 j - a scarf of resistance (worn)
 p - a +0 chain mail
Scrolls
 e - a scroll of fear {unknown}
 l - a scroll of acquirement {unknown}
 m - 3 scrolls of identify {unknown}
 n - a scroll of torment {unknown}
 q - a scroll of immolation {unknown}
 s - 2 scrolls of brand weapon {unknown}
 t - a scroll of fog {unknown}
 w - a scroll of vulnerability {unknown}
 x - a scroll of silence {unknown}
 y - 2 scrolls of noise {unknown}
Potions
 d - a potion of might
 f - a potion of invisibility {unknown}
 g - a potion of resistance {unknown}
 h - 2 potions of magic {unknown}
 k - 3 potions of curing {unknown}
 o - a potion of heal wounds {unknown}
 r - a potion of degeneration
 z - a potion of lignification {unknown}


   Skills:
 - Level 9.0(14.0) Fighting
 - Level 5.0(10.0) Axes
 - Level 5.0(10.0) Throwing
 - Level 6.0(11.0) Armour
 + Level 5.6(10.6) Shields
 - Level 4.0 Invocations


You had 7 spell levels left.
You didn't know any spells.
Your spell library contained the following spells:

 Spells                   Type           Power      Damage    Failure   Level
 Freeze                   Ice            0%         1d3       88%         1
 Frozen Ramparts          Ice            0%         1d2       99%         3
 Hailstorm                Conj/Ice       0%         3d3       100%        4
 Olgreb's Toxic Radiance  Pois           0%         N/A       100%        4
 Freezing Cloud           Conj/Ice/Air   0%         6-21      100%        5
 Ozocubu's Refrigeration  Ice            0%         4d5       100%        7
 Ignition                 Fire           0%         3d3       100%        8
 Polar Vortex             Ice            0%         N/A       100%        9
 Simulacrum               Ice/Necr       Unusable   N/A       N/A         6

Dungeon Overview and Level Annotations

Branches:
Dungeon (6/15)             Temple (1/1) D:6

Altars:
Ashenzari
Dithmenos
Elyvilon
Fedhas
Gozag
Kikubaaqudgha
Makhleb
Nemelex Xobeh
Okawaru
Qazlal
Ru
Trog
Uskayaw
Wu Jian
Xom
Yredelemnul
Zin
The Shining One


Innate Abilities, Weirdness & Mutations

You have a pair of horns on your head.
You reflexively headbutt those who attack you in melee.


Message History

You block the boulder beetle's attack.
You hit the boulder beetle but do no damage.
The boulder beetle is moderately wounded.
The boulder beetle misses you.
You hit the boulder beetle but do no damage.
Your headbutt misses the boulder beetle.
The boulder beetle is moderately wounded.
The boulder beetle closely misses you.
You hit the boulder beetle but do no damage.
You headbutt the boulder beetle, but do no damage.
The boulder beetle is moderately wounded.
The boulder beetle barely misses you.
You hit the boulder beetle but do no damage.
The boulder beetle is moderately wounded.
The boulder beetle bites you!!
You hit the boulder beetle.
The boulder beetle is moderately wounded.
The boulder beetle bites you!
You hit the boulder beetle but do no damage.
The boulder beetle is moderately wounded.
The boulder beetle bites you!
You hit the boulder beetle but do no damage.
The boulder beetle is moderately wounded.
The boulder beetle bites you but does no damage.
You hit the boulder beetle but do no damage.
The boulder beetle is lightly wounded.
The boulder beetle bites you.
You slash the boulder beetle!
The boulder beetle is moderately wounded.
The boulder beetle bites you!
* * * LOW HITPOINT WARNING * * *
Okay, then.
As you read the scroll of teleportation, it crumbles to dust.
You feel strangely unstable. The boulder beetle bites you!
* * * LOW HITPOINT WARNING * * *
It was a potion of degeneration.
There was something very wrong with that liquid.
You feel weakened.
You feel dopey.
You feel clumsy. The boulder beetle bites you!!
You die...

......########.#)###..#..#..#..#.
..(...# #.#......#.....#....
......# #.#......#.....#....
......# #.##################
####### #...)........)......
#...................
####################
#......#.....#....
#@.....#.....#....
#B###..#..#..#..#. #Z!
#..#..#..#..#. #.).#.....#.....#.
#$!)#.....#.....#.
##################


You could see a boulder beetle and a bullfrog zombie.

Vanquished Creatures
  A water moccasin (D:6)
  2 black bears (D:6)
  3 ice beasts
  2 ogres (D:6)
  A bullfrog (D:6)
  A wyvern zombie (D:6)
  A scorpion (D:5)
  A wyvern skeleton (D:6)
  2 water moccasin skeletons
  2 bullfrog zombies
  2 centaur zombies
  A hound (D:5)
  2 jellies
  3 iguanas
  2 orc wizards (D:4)
  6 hound zombies (D:4)
  2 hound skeletons (D:4)
  A howler monkey zombie (D:4)
  A howler monkey skeleton (D:4)
  12 gnolls
  6 adders
  A shadow imp (D:5)
  3 white imps
  2 ufetubi (D:6)
  2 adder zombies (D:4)
  7 adder skeletons (D:4)
  2 worms
  A dart slug (D:3)
  7 orcs
  3 bats (D:1)
  6 endoplasms
  3 giant cockroaches
  5 goblins
  7 hobgoblins
  3 jackals (D:3)
  7 kobolds
  3 quokkas
  6 ball pythons
  13 frilled lizards
  A quokka skeleton (D:4)
  6 rats
142 creatures vanquished.

Vanquished Creatures (others)
  A withered plant (D:4)
1 creature vanquished.

Grand Total: 143 creatures vanquished

Notes
Turn   | Place    | Note
-------+----------+-------------------------------------------
     0 | D:1      | enile the Minotaur Fighter began the quest for the Orb.
     0 | D:1      | Reached XP level 1. HP: 19/19 MP: 0/0
     3 | D:1      | Noticed an electric eel
     4 | D:1      | Noticed an electric eel
   183 | D:1      | Reached skill level 4 in Fighting
   319 | D:1      | Reached XP level 2. HP: 28/28 MP: 1/1
   753 | D:1      | Reached skill level 5 in Fighting
   934 | D:1      | Found a faded altar of an unknown god.
   946 | D:1      | Prayed at the altar of an unknown god.
   946 | D:1      | Became a worshipper of Zin the Law-Giver
   946 | D:1      | Reached * piety under Zin
  1176 | D:2      | Reached XP level 3. HP: 36/36 MP: 2/2
  1188 | D:2      | Found Rooklic's Armour Shoppe.
  1261 | D:2      | Reached ** piety under Zin
  2207 | D:3      | Reached XP level 4. HP: 44/44 MP: 3/3
  2212 | D:3      | Reached skill level 6 in Fighting
  2280 | D:3      | Found a basalt altar of Yredelemnul.
  2920 | D:4      | Reached XP level 5. HP: 22/50 MP: 4/4
  3509 | D:4      | Reached skill level 5 in Axes
  3616 | D:4      | Reached *** piety under Zin
  3633 | D:4      | Reached XP level 6. HP: 53/58 MP: 5/5
  3729 | D:4      | Reached skill level 7 in Fighting
  4110 | D:4      | Reached **** piety under Zin
  4227 | D:4      | Found an ornate altar of the Wu Jian Council.
  4356 | D:5      | Entered Level 5 of the Dungeon
  4570 | D:5      | Reached skill level 8 in Fighting
  4621 | D:5      | Reached XP level 7. HP: 58/68 MP: 6/6
  5409 | D:5      | Reached skill level 9 in Fighting
  5630 | D:5      | Reached skill level 5 in Armour
  5903 | D:6      | Reached skill level 1 in Throwing
  5966 | D:6      | Reached XP level 8. HP: 76/78 MP: 7/7
  6011 | D:6      | Found a sacrificial altar of Ru.
  6070 | D:6      | Found a shadowy altar of Dithmenos.
  6361 | D:6      | Reached ***** piety under Zin
  6385 | D:6      | Found a staircase to the Ecumenical Temple.
  6512 | Temple   | Entered the Ecumenical Temple
  6558 | Temple   | Fell from the grace of Zin
  6558 | Temple   | Became a worshipper of Warmaster Okawaru
  6894 | D:6      | Reached skill level 5 in Throwing
  6894 | D:6      | Reached skill level 1 in Invocations
  7101 | D:6      | Reached * piety under Okawaru
  7551 | D:6      | Reached skill level 5 in Shields
  7798 | D:6      | Noticed a boulder beetle
  7812 | D:6      | Mangled by a boulder beetle

Illustrated notes

Levels and vault maps discovered:
D:1:      arrival_aquarium_b, layout_basic, shapermc_ecumenical_altar_pompeii,
          grunt_decor_fettered, minmay_lizard_pond
D:2:      layout_loops_corners, serial_shops, shop
D:3:      layout_loops_ring, mainiacjoe_overflow_catwalk,
          kennysheep_generic_room_9
D:4:      layout_gridville, nicolae_wu_jian_immortal_techniques, serial_undead,
          serial_undead_a, serial_undead_e, serial_undead_c, serial_undead_f,
          serial_undead_c, serial_undead_b, serial_undead_c, serial_undead_e
D:5:      layout_basic
D:6:      kennysheep_windowed_halls, layout_basic,
          mainiacjoe_overflow_tiny_flanked, nicolae_dithmenos_the_darkroom
Temple:   cyrus_circular_temple

Skill      XL: |  1  2  3  4  5  6  7  8 |
---------------+-------------------------+-----
Fighting       | 4 5 6 8 9 |  9.0
Axes           | 4 5 |  5.0
Shields        | 4 5 |  5.6
Armour         | 4 6 |  6.0
Throwing       | 3 5 |  5.0
Invocations    | 4 |  4.0

Action                   |  1- 3 |  4- 6 |  7- 9 || total
-------------------------+-------+-------+-------++-------
Melee: War axe           |    88 |   173 |   148 ||   409
       Headbutt          |     9 |    24 |    34 ||    67
Throw: Dart              |       |       |     3 ||     3
Invok: Recite            |       |     1 |       ||     1
       Heroism           |       |       |     1 ||     1
  Use: Scroll            |       |     1 |     1 ||     2
       Potion            |       |       |     1 ||     1
Armor: Scale mail        |    55 |   108 |    81 ||   244
Dodge: Dodged            |    40 |    94 |    71 ||   205
Block: Buckler           |    21 |    40 |    39 ||   100

Table legend: (Time is in decaauts)
 A = Elapsed time spent in this place.
 B = Non-inter-level travel time spent in this place.
 C = Inter-level travel time spent in this place.
 D = Time resting spent in this place.
 E = Time spent auto-exploring this place.
 F = Levels seen in this place.
 G = Mean time per level.
                   A        B        C        D        E       F      G
               +--------+--------+--------+--------+--------+-----+--------+
         Total |   7945 |   7678 |    267 |      0 |   6650 |   7 | 1135.0 |
       Dungeon |   7886 |   7636 |    250 |      0 |   6615 |   6 | 1314.3 |
        Temple |     59 |     42 |     17 |      0 |     35 |   1 |   59.0 |
               +--------+--------+--------+--------+--------+-----+--------+

Top non-repeatable levels by time:
     D:6: 1887 daAuts
     D:5: 1557 daAuts
     D:4: 1494 daAuts
     D:2: 1118 daAuts
     D:1: 1006 daAuts
     D:3: 821 daAuts
  Temple: 59 daAuts
